 Dungeon Crawl Stone Soup version 0.28-a0-687-gb91baff9cc (webtiles) character file.

Game seed: 15914930935598822753

17 omnomnOMINOUS the Sneak (level 2, 0/27 HPs)
             Began as an Octopode Wanderer on Oct 19, 2021.
             Was a Follower of Vehumet.
             Slain by a jackal (1 damage)
             ... on level 1 of the Dungeon.
             The game lasted 00:03:03 (880 turns).

omnomnOMINOUS the Sneak (Octopode Wanderer)          Turns: 880, Time: 00:03:04

Health: 0/27       AC: 21    Str: 12    XL:     2   Next: 62%
Magic:  3/5        EV:  2    Int: 14    God:    Vehumet [*.....]
Gold:   46         SH:  0    Dex: 10    Spells: 4/5 levels left

rFire   . . .      SeeInvis .   a - +0 short sword
rCold   . . .      Faith    .   (no shield)
rNeg    . . .      Spirit   .   (helmet currently unavailable)
rPois   +          Reflect  .   (no amulet)
rElec   .          Harm     .   (no ring)
rCorr   .          Rampage  .   (no ring)
Will    .....      NoTele   +   (no ring)
Stlth   ++........              (no ring)
HPRegen 0.09/turn               (no ring)
MPRegen 0.09/turn               (no ring)
                                (no ring)
                                (no ring)

@: tree-form
A: stationary, stasis, torment immunity, boosted hp, almost no armour,
(amphibious), 8 rings, (camouflage 1), (gelatinous body 1), (nimble swimmer 1),
(tentacles)
a: Renounce Religion


You were on level 1 of the Dungeon.
You worshipped Vehumet.
Vehumet was aware of your devotion.
You were a tree.
You visited 1 branch of the dungeon, and saw 1 of its levels.

You collected 46 gold pieces.

Inventory:

Hand Weapons
 a - a +0 short sword (weapon)
Potions
 c - a potion of lignification


   Skills:
 + Level 1.2 Fighting
 - Level 1.0 Long Blades
 - Level 1.0 Throwing
 + Level 1.2 Dodging
 - Level 2.6 Stealth
 - Level 2.0 Spellcasting
 + Level 1.3 Conjurations
 - Level 1.0 Hexes
 - Level 2.4 Poison Magic


You had 4 spell levels left.
You knew the following spells:

 Your Spells              Type           Power      Damage    Failure   Level
a - Magic Dart            Conj           20%        1d4       14%         1

Your spell library contained the following spells:

 Spells                   Type           Power      Damage    Failure   Level
 Shock                    Conj/Air       12%        1d3       19%         1
 Sting                    Tmut/Pois      16%        1d3       14%         1
 Sandblast                Erth           2%         2d4       24%         1
 Slow                     Hex            4%         N/A       24%         2
 Blink                    Tloc           N/A        N/A       34%         2
 Call Imp                 Summ           1%         N/A       34%         2
 Mephitic Cloud           Conj/Pois/Air  4%         N/A       41%         3
 Conjure Flame            Conj/Fire      3%         6-21      50%         3
 Stone Arrow              Conj/Erth      6%         3d7       50%         3


Dungeon Overview and Level Annotations

Branches:
Dungeon (1/15)

Altars:
Vehumet


Innate Abilities, Weirdness & Mutations

You are a tree.
Your roots penetrate the ground, keeping you stationary.
You cannot be teleported.
You are immune to unholy pain and torment.
Your maximum health is greatly increased.
You cannot wear most types of armour.
((You are amphibious.))
You can wear up to eight rings at the same time.
((Your skin changes colour to match your surroundings (Stealth+).))
((Your rubbery body absorbs attacks. (AC +1, EV +1)))
((You are camouflaged near water. (Stealth+)))
((You have tentacles for arms and can constrict up to eight enemies at once.))


Message History

You hit the jackal.
The jackal is heavily wounded.
The jackal bites you but does no damage. x2
You closely miss the jackal.
The jackal is heavily wounded.
The jackal barely misses you. The jackal completely misses you.
You hit the jackal.
The jackal is severely wounded.
The jackal bites you.
* * * LOW HITPOINT WARNING * * *
Your magical contamination has completely faded away.
You completely miss the jackal.
The jackal is severely wounded.
The jackal bites you.
* * * LOW HITPOINT WARNING * * *
The jackal bites you but does no damage.
You closely miss the jackal.
The jackal is severely wounded.
The jackal barely misses you.
You closely miss the jackal.
The jackal is severely wounded.
The jackal bites you.
* * * LOW HITPOINT WARNING * * *
The jackal bites you but does no damage.
You hit the jackal.
The jackal is almost dead.
The jackal bites you but does no damage.
You hit the jackal.
You kill the jackal!
Vehumet accepts your kill.
You completely miss the jackal.
The jackal is lightly wounded.
The jackal bites you but does no damage. x2
You closely miss the jackal.
The jackal is lightly wounded.
The jackal bites you but does no damage.
You hit the jackal.
The jackal is almost dead.
The jackal bites you.
You die...

#.# #.# #.#
#.# #######
#.# #.....#
#.# #.....#
#.# #.....#
#.###.....#
#..♣h.....#
#####....##
###)## #.#
).. ....
......
.$.....
........#


You could see a jackal.

Vanquished Creatures
  3 ball pythons (D:1)
  A giant cockroach (D:1)
  2 goblins (D:1)
  A hobgoblin (D:1)
  3 jackals (D:1)
  A quokka (D:1)
  A bat (D:1)
  A frilled lizard (D:1)
  A kobold (D:1)
  A rat (D:1)
15 creatures vanquished.

Notes
Turn   | Place    | Note
-------+----------+-------------------------------------------
     0 | D:1      | omnomnOMINOUS the Octopode Wanderer began the quest for the
                  | Orb.
     0 | D:1      | omnomnOMINOUS set off with the following items: a +0 club,
                  | a +0 dagger; and the following spells available to
                  | memorise: Sting, Magic Dart, Sandblast, Slow, Blink, Call
                  | Imp, Mephitic Cloud, Conjure Flame, Stone Arrow
     0 | D:1      | Reached XP level 1. HP: 13/13 MP: 3/3
     2 | D:1      | Learned a level 1 spell: Magic Dart
   378 | D:1      | Reached skill level 1 in Dodging
   378 | D:1      | Reached skill level 1 in Conjurations
   378 | D:1      | Reached XP level 2. HP: 18/18 MP: 3/5
   378 | D:1      | Found a faded altar of an unknown god.
   721 | D:1      | Prayed at the altar of an unknown god.
   721 | D:1      | Became a worshipper of Vehumet
   721 | D:1      | Reached * piety under Vehumet
   721 | D:1      | Offered knowledge of Shock by Vehumet.
   875 | D:1      | HP: 1/27 [jackal (2)]
   880 | D:1      | Slain by a jackal

Illustrated notes

Levels and vault maps discovered:
D:1:      minmay_arrival_glassed_features, layout_basic,
          shapermc_ecumenical_altar_pompeii

Skill      XL: |  1 |
---------------+----+-----
Dodging        | 1 |  1.2
Conjurations   | 1 |  1.3
Fighting       | |  1.2
Long Blades    | |  1.0
Throwing       | |  1.0
Stealth        | |  2.6
Spellcasting   | |  2.0
Hexes          | |  1.0
Poison Magic   | |  2.4

Action                   || total
-------------------------++-------
Melee: Club              ||     4
       Constrict         ||     4
       Short sword       ||    24
       Tentacles         ||     4
       Dagger            ||     3
 Cast: Magic Dart        ||    16
  Use: Potion            ||     1
 Stab: Sleeping          ||     2
Armor: Skin              ||    12
Dodge: Dodged            ||    26

Table legend: (Time is in decaauts)
 A = Elapsed time spent in this place.
 B = Non-inter-level travel time spent in this place.
 C = Inter-level travel time spent in this place.
 D = Time resting spent in this place.
 E = Time spent auto-exploring this place.
 F = Levels seen in this place.
 G = Mean time per level.
                   A        B        C        D        E       F      G
               +--------+--------+--------+--------+--------+-----+--------+
         Total |    881 |    881 |      0 |    215 |    439 |   1 |  881.0 |
       Dungeon |    881 |    881 |      0 |    215 |    439 |   1 |  881.0 |
               +--------+--------+--------+--------+--------+-----+--------+

Top non-repeatable levels by time:
     D:1: 881 daAuts
